Predators vs Rangers

Created - 10 novembre 2025 at 09:14

Goals
1 2 3 T
Predators 2 1 0 3
Rangers 2 2 0 4
Shots
1 2 3 T
Predators 14 10 6 30
Rangers 9 16 17 42

GoalsPenalties
1st period
1. Rangers , Sebastian Aho 10 (Filip Hronek 2) at 0:16
2. Predators , Oskar Sundqvist 4 (Bryan Rust 8, Cole Caufield 7) at 0:52
3. Predators , Jaden Schwartz 7 (Bryan Rust 9) at 9:03
4. Rangers , Jack Hughes 4 (Filip Hronek 3) at 15:26
Zach Hyman (NAS) for Roughing (Minor) at 5:41
2nd period
5. Rangers , Filip Hronek 2 (Thomas Harley 8) at 2:38
6. Predators , Zach Hyman 5 (Cole Caufield 8, William Karlsson 6) at 6:59 (PP)
7. Rangers , Morgan Barron 3 (Nick Seeler 4, Joel Eriksson Ek 9) at 10:35
Mario Ferraro (NAS) for Hooking (Minor) at 0:22
Kirill Marchenko (NYR) for High sticking (Minor) at 6:52
Martin Fehervary (NYR) for Interference (Minor) at 15:18
3rd period
No Goal
Nicolas Hague (NAS) for Roughing (Minor) at 8:39
Martin Fehervary (NYR) for Hooking (Minor) at 16:31
Goalie Stats
Dustin Wolf (NAS), 38 saves from 42 shots - (0,905), L, 8-7-0, 58:45 minutes
Karel Vejmelka (NYR), 27 saves from 30 shots - (0,900), W, 6-4-2, 60:00 minutes
3 StarsOfficial
1 - Filip Hronek (NYR)
2 - Sebastian Aho (NYR)
3 - Jack Hughes (NYR)
Referees : Jared Cummins and Garrett Rank
Linesman : Ryan Jackson and Anthony Lapointe
Game Note
No Game Note
Finance
Level 1 -- Attendance: 6000 (100%) -- Ticket Income $552,000
Level 2 -- Attendance: 5000 (100%) -- Ticket Income $280,000
Level 3 -- Attendance: 2200 (100%) -- Ticket Income $74,800
Level 4 -- Attendance: 4000 (100%) -- Ticket Income $72,000
Luxury Box -- Attendance: 933 (93%) -- Ticket Income $177,270
Game was played at the Madison Square Garden.
Total Attendance: 18133 (100%)
Total Ticket Income: $1,156,070
Other Income: $346,821
Total Income: $1,502,891



Team Name Goals Shots Shots Attemp Shots Blocked PIM HIT PP PK FO%
Predators 33052166191 / 3 (33%)041%
Rangers 4428876210 / 3 (0%)159%

Predators
Player Name POS G A P +/- PIM HIT SHT SB MP PP MP PP SHT PK MP PK SHT FO% FOT GA TA
Alexandre TexierLW/RW000000005:080:0000:0000% 000
Bryan RustLW/RW0221012020:342:1203:4200% 310
Calvin de HaanD000-101148:480:0001:2200% 000
Cody CeciD000-2001128:552:3602:3200% 003
Cole CaufieldLW/RW0220029017:571:5300:0000% 100
Connor McDavidC/RW000-3011123:582:1202:15043% 2800
Dylan SambergD0000011322:530:0004:0200% 012
Erik GustafssonD000000003:432:3600:0000% 000
J.J. PeterkaLW/RW000-2002017:252:1200:00033% 331
Jaden SchwartzC/LW/RW1011005013:370:0000:0000% 000
Justin BarronD000-100018:421:2900:0000% 000
Keegan KolesarRW000-1031017:460:0002:1500% 100
Mario FerraroD000-2221127:461:2902:5100% 011
Nicolas HagueD0001202219:520:0001:0700% 002
Oskar SundqvistC1011041014:450:0000:0000% 810
Paul CotterC/LW/RW000000004:270:0000:000100% 100
William KarlssonC0110020320:221:5303:42061% 2300
Zach HymanLW/RW101-2223017:221:5310:0000% 000
Rangers
Player Name POS G A P +/- PIM HIT SHT SB MP PP MP PP SHT PK MP PK SHT FO% FOT GA TA
Alex KillornLW/RW0001024015:362:1510:0000% 010
Alex LaferriereLW/RW000-1021014:550:0000:5700% 200
Anton LundellC000-1016014:470:0000:49064% 1110
Christian DvorakC000101208:170:0000:320100% 400
Filip HronekD1233022323:483:5611:4800% 001
Jack HughesC/LW/RW1012018117:313:4220:00050% 240
Jake GuentzelC/LW0001024018:303:4210:0000% 000
Joel Eriksson EkC0111000017:502:1502:08061% 2301
Kasperi KapanenLW/RW000-1032012:520:0000:0000% 100
Kirill MarchenkoRW0000210017:222:1500:4800% 100
Martin FehervaryD000-2410019:080:0000:0000% 001
Mason LohreiD0001000011:420:0000:0000% 000
Morgan BarronC/LW/RW101100209:580:0002:0700% 000
Nick SeelerD0111000017:342:0102:1700% 001
Sebastian AhoC/LW1011037120:303:4230:49058% 2400
Seth JonesD000-2010122:272:0101:4800% 013
Thomas HarleyD0113013125:203:5612:1700% 020
Zachary BolducLW/RW000100107:450:0000:0000% 000

Predators

5 vs 5 Forward
Line #Left WingCenterRight WingPHYDFOFWanted %Time %Time Play
1J.J. PeterkaConnor McDavidZach Hyman0053532%15:25
2Cole CaufieldWilliam KarlssonKeegan Kolesar0143332%15:36
3Jaden SchwartzOskar SundqvistBryan Rust0142727%13:23
4Alexandre TexierConnor McDavidPaul Cotter03259%4:27
5 vs 5 Defense
Line #DefenseDefensePHYDFOFWanted %Time %Time Play
1Cody CeciMario Ferraro0324033%16:07
2Dylan SambergNicolas Hague0324040%19:21
3Cody CeciJustin Barron0321014%6:38
4Calvin de HaanMario Ferraro0321014%6:45
Power Play Forward
Line #Left WingCenterRight WingPHYDFOFWanted %Time %Time Play
1Bryan RustConnor McDavidJ.J. Peterka0056554%2:12
2Zach HymanWilliam KarlssonCole Caufield0053546%1:53
Power Play Defense
Line #DefenseDefensePHYDFOFWanted %Time %Time Play
1Cody CeciErik Gustafsson0146064%2:36
2Mario FerraroJustin Barron0144036%1:29
Penalty Kill 4 Players Forward
Line #CenterWingPHYDFOFWanted %Time %Time Play
1William KarlssonBryan Rust1405562%3:42
2Connor McDavidKeegan Kolesar1404538%2:15
Penalty Kill 4 Players Defense
Line #DefenseDefensePHYDFOFWanted %Time %Time Play
1Mario FerraroDylan Samberg1406068%4:02
2Cody CeciNicolas Hague1404032%1:55
Penalty Kill 3 Players
Line #WingPHYDFOFWanted %Time %Time PlayDefenseDefensePHYDFOFWanted %Time %Time Play
1William Karlsson050600%0:00 Mario FerraroDylan Samberg050600%0:00
2Connor McDavid050400%0:00 Cody CeciNicolas Hague050400%0:00
4 vs 4 Forward
Line #CenterWingPHYDFOFWanted %Time %Time Play
1Connor McDavidCole Caufield005600%0:00
2William KarlssonJ.J. Peterka023400%0:00
4 vs 4 Defense
Line #DefensePHYDFOFWanted %Time %Time Play
1Cody CeciDylan Samberg032600%0:00
2Mario FerraroNicolas Hague032400%0:00
Last Minutes Offensive
Left WingCenterRight WingDefenseDefense
Bryan RustConnor McDavidCole CaufieldCody CeciErik Gustafsson
Last Minutes Defensive
Left WingCenterRight WingDefenseDefense
Connor McDavidWilliam KarlssonKeegan KolesarCody CeciDylan Samberg
Time
Total ForwardTotal DefenseLast Minutes OffensiveLast Minutes Defensive
60:00 60:00 1:070:00
Extra Forwards
Normal PowerPlayPenalty Kill
Connor McDavid, Cole Caufield, Bryan RustConnor McDavid, Cole CaufieldWilliam Karlsson
Extra Defensemen
Normal PowerPlayPenalty Kill
Cody Ceci, Dylan Samberg, Mario FerraroCody Ceci, Cody CeciDylan Samberg
Penalty Shots
Cole Caufield, Connor McDavid, Bryan Rust, Zach Hyman, J.J. Peterka
Goalie
Dustin Wolf, Arvid Soderblom
Scratches
Brandt Clarke (Healthy), Brayden Pachal (Healthy)

Rangers

5 vs 5 Forward
Line #Left WingCenterRight WingPHYDFOFWanted %Time %Time Play
1Jake GuentzelSebastian AhoKirill Marchenko1133230%14:49
2Jack HughesJoel Eriksson EkAlex Killorn1223027%13:21
3Kasperi KapanenAnton LundellAlex Laferriere1312726%12:52
4Morgan BarronChristian DvorakZachary Bolduc1311116%7:45
5 vs 5 Defense
Line #DefenseDefensePHYDFOFWanted %Time %Time Play
1Thomas HarleyFilip Hronek1223837%18:05
2Seth JonesMartin Fehervary1223737%17:58
3Nick SeelerMason Lohrei1312024%11:42
4Thomas HarleyNick Seeler13152%1:02
Power Play Forward
Line #Left WingCenterRight WingPHYDFOFWanted %Time %Time Play
1Jake GuentzelSebastian AhoJack Hughes1135562%3:42
2Alex KillornJoel Eriksson EkKirill Marchenko1134538%2:15
Power Play Defense
Line #DefenseDefensePHYDFOFWanted %Time %Time Play
1Thomas HarleyFilip Hronek0236066%3:56
2Seth JonesNick Seeler0234034%2:01
Penalty Kill 4 Players Forward
Line #CenterWingPHYDFOFWanted %Time %Time Play
1Joel Eriksson EkMorgan Barron1316080%3:16
2Anton LundellSebastian Aho1314020%0:49
Penalty Kill 4 Players Defense
Line #DefenseDefensePHYDFOFWanted %Time %Time Play
1Thomas HarleyNick Seeler1316056%2:17
2Seth JonesMartin Fehervary1314044%1:48
Penalty Kill 3 Players
Line #WingPHYDFOFWanted %Time %Time PlayDefenseDefensePHYDFOFWanted %Time %Time Play
1Joel Eriksson Ek041600%0:00 Thomas HarleyNick Seeler041600%0:00
2Anton Lundell041400%0:00 Seth JonesMartin Fehervary041400%0:00
4 vs 4 Forward
Line #CenterWingPHYDFOFWanted %Time %Time Play
1Sebastian AhoJack Hughes122600%0:00
2Jake GuentzelKirill Marchenko122400%0:00
4 vs 4 Defense
Line #DefensePHYDFOFWanted %Time %Time Play
1Thomas HarleyNick Seeler122600%0:00
2Seth JonesMartin Fehervary122400%0:00
Last Minutes Offensive
Left WingCenterRight WingDefenseDefense
Jake GuentzelSebastian AhoJack HughesThomas HarleySeth Jones
Last Minutes Defensive
Left WingCenterRight WingDefenseDefense
Sebastian AhoJoel Eriksson EkMorgan BarronMartin FehervaryNick Seeler
Time
Total ForwardTotal DefenseLast Minutes OffensiveLast Minutes Defensive
60:00 60:00 0:001:11
Extra Forwards
Normal PowerPlayPenalty Kill
Kirill Marchenko, Joel Eriksson Ek, Anton LundellKirill Marchenko, Joel Eriksson EkKirill Marchenko
Extra Defensemen
Normal PowerPlayPenalty Kill
Martin Fehervary, Filip Hronek, Mason LohreiMartin Fehervary, Martin FehervaryFilip Hronek
Penalty Shots
Sebastian Aho, Jake Guentzel, Jack Hughes, Alex Killorn, Kirill Marchenko
Goalie
Karel Vejmelka, Alexandar Georgiev
Scratches
Jayden Struble (Healthy)


Play-by-Play

1st period


0:01 of 1st period - Connor McDavid wins face-off versus Sebastian Aho in neutral zone.
0:04 of 1st period - Snap shot by Zach Hyman.
0:04 of 1st period - Stopped by Karel Vejmelka without a rebound.
0:05 of 1st period - Sebastian Aho wins face-off versus Connor McDavid in Rangers zone.
0:16 of 1st period - Snap shot by Sebastian Aho.
0:16 of 1st period - Goal by Sebastian Aho - Predators : 0 - Rangers : 1.
0:17 of 1st period - Joel Eriksson Ek wins face-off versus William Karlsson in neutral zone.
0:50 of 1st period - Slapshot by Bryan Rust.
0:50 of 1st period - Shot Misses the Net.
0:52 of 1st period - Slapshot by Oskar Sundqvist.
0:52 of 1st period - Goal by Oskar Sundqvist - Predators : 1 - Rangers : 1.
0:53 of 1st period - Christian Dvorak wins face-off versus Oskar Sundqvist in neutral zone.
1:29 of 1st period - Wrist shot by Connor McDavid.
1:29 of 1st period - Shot Misses the Net.
1:31 of 1st period - Slapshot by Calvin de Haan.
1:31 of 1st period - Stopped by Karel Vejmelka with a rebound.
3:43 of 1st period - Slapshot by Zach Hyman.
3:43 of 1st period - Deflect By Connor McDavid.
3:43 of 1st period - Shot Misses the Net.
3:43 of 1st period - Puck is out of play.
3:44 of 1st period - William Karlsson wins face-off versus Joel Eriksson Ek in Rangers zone.
4:39 of 1st period - Snap shot by Joel Eriksson Ek.
4:39 of 1st period - Shot Misses the Net.
5:07 of 1st period - Thomas Harley is hit by Cole Caufield and loses puck.
5:20 of 1st period - Wrist shot by Alex Laferriere.
5:20 of 1st period - Shot Misses the Net.
5:22 of 1st period - Wrist shot by Nick Seeler.
5:22 of 1st period - Deflect By Anton Lundell.
5:22 of 1st period - Stopped by Dustin Wolf with a rebound.
5:24 of 1st period - Snap shot by Thomas Harley.
5:24 of 1st period - Stopped by Dustin Wolf without a rebound.
5:25 of 1st period - Anton Lundell wins face-off versus Connor McDavid in Predators zone.
5:41 of 1st period - Minor Penalty to Zach Hyman for Roughing.
5:42 of 1st period - Sebastian Aho wins face-off versus William Karlsson in Predators zone.
5:52 of 1st period - Snap shot by Sebastian Aho.
5:52 of 1st period - Stopped by Dustin Wolf with a rebound.
5:54 of 1st period - Wrist shot by Sebastian Aho.
5:54 of 1st period - Stopped by Dustin Wolf with a rebound.
5:56 of 1st period - Slapshot by Filip Hronek.
5:56 of 1st period - Stopped by Dustin Wolf without a rebound.
5:57 of 1st period - William Karlsson wins face-off versus Sebastian Aho in Predators zone.
6:09 of 1st period - Icing by Sebastian Aho.
6:10 of 1st period - Connor McDavid wins face-off versus Sebastian Aho in Rangers zone.
6:11 of 1st period - Snap shot by Keegan Kolesar.
6:11 of 1st period - Deflect By Connor McDavid.
6:11 of 1st period - Shot Blocked by Jack Hughes.
6:11 of 1st period - Puck is out of play.
6:12 of 1st period - Sebastian Aho wins face-off versus Connor McDavid in Rangers zone.
6:17 of 1st period - Slapshot by Thomas Harley.
6:17 of 1st period - Shot Blocked by Connor McDavid.
6:19 of 1st period - Wrist shot by Filip Hronek.
6:19 of 1st period - Deflect By Jake Guentzel.
6:19 of 1st period - Shot Misses the Net.
6:19 of 1st period - Puck is out of play.
6:20 of 1st period - William Karlsson wins face-off versus Sebastian Aho in Predators zone.
6:52 of 1st period - William Karlsson is hit by Jake Guentzel and loses puck.
7:04 of 1st period - Off-side.
7:05 of 1st period - Joel Eriksson Ek wins face-off versus Connor McDavid in neutral zone.
7:10 of 1st period - Connor McDavid is hit by Kirill Marchenko and loses puck.
7:31 of 1st period - Kirill Marchenko is hit by William Karlsson.
7:41 of 1st period - Penalty to Zach Hyman is over, Zach Hyman is back on ice.
7:43 of 1st period - Thomas Harley is hit by Zach Hyman and loses puck.
8:03 of 1st period - Off-side.
8:04 of 1st period - William Karlsson wins face-off versus Anton Lundell in neutral zone.
9:03 of 1st period - Snap shot by Jaden Schwartz.
9:03 of 1st period - Goal by Jaden Schwartz - Predators : 2 - Rangers : 1.
9:04 of 1st period - Connor McDavid wins face-off versus Sebastian Aho in neutral zone.
10:00 of 1st period - Backhand shot by Jaden Schwartz.
10:00 of 1st period - Stopped by Karel Vejmelka with a rebound.
10:53 of 1st period - Jack Hughes is hit by Bryan Rust and loses puck.
11:04 of 1st period - Alex Killorn is hit by Zach Hyman and loses puck.
11:37 of 1st period - Slapshot by Jake Guentzel.
11:37 of 1st period - Stopped by Dustin Wolf with a rebound.
11:50 of 1st period - Martin Fehervary is hit by Calvin de Haan and loses puck.
12:07 of 1st period - William Karlsson is hit by Kasperi Kapanen and loses puck.
12:35 of 1st period - Zach Hyman is hit by Christian Dvorak and loses puck.
13:05 of 1st period - Filip Hronek is hit by Oskar Sundqvist and loses puck.
13:38 of 1st period - Snap shot by Kirill Marchenko.
13:38 of 1st period - Shot Blocked by Cody Ceci.
14:04 of 1st period - William Karlsson is hit by Jack Hughes and loses puck.
15:26 of 1st period - Snap shot by Jack Hughes.
15:26 of 1st period - Goal by Jack Hughes - Predators : 2 - Rangers : 2.
15:27 of 1st period - Sebastian Aho wins face-off versus Bryan Rust in neutral zone.
15:38 of 1st period - Snap shot by Jaden Schwartz.
15:38 of 1st period - Shot Blocked by Sebastian Aho.
15:40 of 1st period - Slapshot by Nicolas Hague.
15:40 of 1st period - Deflect By Jaden Schwartz.
15:40 of 1st period - Stopped by Karel Vejmelka with a rebound.
15:42 of 1st period - Wrist shot by Jaden Schwartz.
15:42 of 1st period - Stopped by Karel Vejmelka with a rebound.
15:44 of 1st period - Wrist shot by Nicolas Hague.
15:44 of 1st period - Deflect By Bryan Rust.
15:44 of 1st period - Shot Misses the Net.
15:44 of 1st period - Puck is out of play.
15:45 of 1st period - Joel Eriksson Ek wins face-off versus Connor McDavid in Rangers zone.
15:58 of 1st period - Snap shot by J.J. Peterka.
15:58 of 1st period - Stopped by Karel Vejmelka with a rebound.
16:00 of 1st period - Slapshot by Cody Ceci.
16:00 of 1st period - Stopped by Karel Vejmelka with a rebound.
16:02 of 1st period - Snap shot by Connor McDavid.
16:02 of 1st period - Shot Hit the Post.
16:21 of 1st period - Snap shot by Joel Eriksson Ek.
16:21 of 1st period - Shot Misses the Net.
16:33 of 1st period - Snap shot by Joel Eriksson Ek.
16:33 of 1st period - Shot Misses the Net.
16:59 of 1st period - Snap shot by Jack Hughes.
16:59 of 1st period - Shot Misses the Net.
17:01 of 1st period - Slapshot by Alex Killorn.
17:01 of 1st period - Stopped by Dustin Wolf without a rebound.
17:02 of 1st period - Sebastian Aho wins face-off versus Connor McDavid in Predators zone.
17:07 of 1st period - Backhand shot by Sebastian Aho.
17:07 of 1st period - Shot Misses the Net.
17:51 of 1st period - Wrist shot by Keegan Kolesar.
17:51 of 1st period - Stopped by Karel Vejmelka without a rebound.
17:52 of 1st period - Christian Dvorak wins face-off versus William Karlsson in Rangers zone.
17:52 of 1st period - Christian Dvorak is hit by Cole Caufield.
18:02 of 1st period - Snap shot by Morgan Barron.
18:02 of 1st period - Shot Misses the Net.
18:10 of 1st period - Filip Hronek is hit by Keegan Kolesar and loses puck.
18:15 of 1st period - Wrist shot by Cole Caufield.
18:15 of 1st period - Shot Blocked by Filip Hronek.
18:17 of 1st period - Snap shot by Cole Caufield.
18:17 of 1st period - Stopped by Karel Vejmelka without a rebound.
18:18 of 1st period - Connor McDavid wins face-off versus Sebastian Aho in Rangers zone.
18:19 of 1st period - Snap shot by J.J. Peterka.
18:19 of 1st period - Shot Misses the Net.
18:45 of 1st period - Slapshot by Bryan Rust.
18:45 of 1st period - Shot Misses the Net.
18:47 of 1st period - Snap shot by Mario Ferraro.
18:47 of 1st period - Stopped by Karel Vejmelka with a rebound.
19:48 of 1st period - Wrist shot by Cole Caufield.
19:48 of 1st period - Stopped by Karel Vejmelka with a rebound.
19:50 of 1st period - Wrist shot by Cole Caufield.
19:50 of 1st period - Stopped by Karel Vejmelka without a rebound.
19:51 of 1st period - Connor McDavid wins face-off versus Sebastian Aho in Rangers zone.
19:58 of 1st period - Slapshot by J.J. Peterka.
19:58 of 1st period - Shot Misses the Net.
Goals for this period are 2 for Predators vs 2 for Rangers.
Shots for this period are 14 for Predators vs 9 for Rangers.

2nd period


0:01 of 2nd period - Connor McDavid wins face-off versus Sebastian Aho in neutral zone.
0:05 of 2nd period - Mario Ferraro is hit by Jake Guentzel and loses puck.
0:22 of 2nd period - Minor Penalty to Mario Ferraro for Hooking.
0:23 of 2nd period - Sebastian Aho wins face-off versus William Karlsson in Predators zone.
0:28 of 2nd period - Snap shot by Sebastian Aho.
0:28 of 2nd period - Shot Blocked by William Karlsson.
0:30 of 2nd period - Snap shot by Sebastian Aho.
0:30 of 2nd period - Stopped by Dustin Wolf with a rebound.
0:51 of 2nd period - Cody Ceci is hit by Sebastian Aho and loses puck.
1:10 of 2nd period - Slapshot by Jack Hughes.
1:10 of 2nd period - Stopped by Dustin Wolf without a rebound.
1:11 of 2nd period - William Karlsson wins face-off versus Joel Eriksson Ek in Predators zone.
1:19 of 2nd period - Icing by Joel Eriksson Ek.
1:20 of 2nd period - Joel Eriksson Ek wins face-off versus Bryan Rust in Rangers zone.
1:29 of 2nd period - Nicolas Hague is hit by Alex Killorn and loses puck.
1:58 of 2nd period - Snap shot by Alex Killorn.
1:58 of 2nd period - Stopped by Dustin Wolf without a rebound.
1:59 of 2nd period - Sebastian Aho wins face-off versus Keegan Kolesar in Predators zone.
2:05 of 2nd period - Off-side.
2:06 of 2nd period - Sebastian Aho wins face-off versus Connor McDavid in neutral zone.
2:13 of 2nd period - Wrist shot by Jake Guentzel.
2:13 of 2nd period - Shot Misses the Net.
2:22 of 2nd period - Penalty to Mario Ferraro is over, Mario Ferraro is back on ice.
2:27 of 2nd period - Thomas Harley is hit by Keegan Kolesar and loses puck.
2:36 of 2nd period - Wrist shot by Filip Hronek.
2:36 of 2nd period - Shot Blocked by Dylan Samberg.
2:38 of 2nd period - Wrist shot by Filip Hronek.
2:38 of 2nd period - Goal by Filip Hronek - Predators : 2 - Rangers : 3.
2:39 of 2nd period - Connor McDavid wins face-off versus Alex Laferriere in neutral zone.
2:50 of 2nd period - Slapshot by Connor McDavid.
2:50 of 2nd period - Stopped by Karel Vejmelka without a rebound.
2:51 of 2nd period - Sebastian Aho wins face-off versus Connor McDavid in Rangers zone.
3:02 of 2nd period - Snap shot by Sebastian Aho.
3:02 of 2nd period - Stopped by Dustin Wolf without a rebound.
3:03 of 2nd period - Anton Lundell wins face-off versus Connor McDavid in Predators zone.
3:08 of 2nd period - Wrist shot by Anton Lundell.
3:08 of 2nd period - Shot Misses the Net.
3:19 of 2nd period - Cody Ceci is hit by Filip Hronek and loses puck.
3:58 of 2nd period - Filip Hronek is hit by Mario Ferraro and loses puck.
4:13 of 2nd period - Slapshot by Anton Lundell.
4:13 of 2nd period - Shot Misses the Net.
4:30 of 2nd period - Wrist shot by Kasperi Kapanen.
4:30 of 2nd period - Stopped by Dustin Wolf without a rebound.
4:31 of 2nd period - Sebastian Aho wins face-off versus Oskar Sundqvist in Predators zone.
4:34 of 2nd period - Slapshot by Jake Guentzel.
4:34 of 2nd period - Stopped by Dustin Wolf with a rebound.
4:40 of 2nd period - Snap shot by Nicolas Hague.
4:40 of 2nd period - Stopped by Karel Vejmelka without a rebound.
4:41 of 2nd period - Sebastian Aho wins face-off versus Oskar Sundqvist in Rangers zone.
4:46 of 2nd period - Slapshot by Martin Fehervary.
4:46 of 2nd period - Shot Blocked by Dylan Samberg.
4:52 of 2nd period - Sebastian Aho is hit by Oskar Sundqvist and loses puck.
5:17 of 2nd period - Snap shot by Jaden Schwartz.
5:17 of 2nd period - Stopped by Karel Vejmelka with a rebound.
5:59 of 2nd period - Wrist shot by Bryan Rust.
5:59 of 2nd period - Shot Blocked by Seth Jones.
6:01 of 2nd period - Slapshot by Dylan Samberg.
6:01 of 2nd period - Shot Misses the Net.
6:03 of 2nd period - Slapshot by Dylan Samberg.
6:03 of 2nd period - Stopped by Karel Vejmelka with a rebound.
6:52 of 2nd period - Minor Penalty to Kirill Marchenko for High sticking.
6:53 of 2nd period - William Karlsson wins face-off versus Joel Eriksson Ek in Rangers zone.
6:59 of 2nd period - Slapshot by Zach Hyman.
6:59 of 2nd period - Goal by Zach Hyman - Predators : 3 - Rangers : 3.
7:00 of 2nd period - Joel Eriksson Ek wins face-off versus Cole Caufield in neutral zone.
7:11 of 2nd period - Snap shot by Jack Hughes.
7:11 of 2nd period - Stopped by Dustin Wolf without a rebound.
7:12 of 2nd period - William Karlsson wins face-off versus Joel Eriksson Ek in Predators zone.
7:44 of 2nd period - Slapshot by Kasperi Kapanen.
7:44 of 2nd period - Shot Misses the Net.
8:06 of 2nd period - Slapshot by Zachary Bolduc.
8:06 of 2nd period - Stopped by Dustin Wolf without a rebound.
8:07 of 2nd period - Christian Dvorak wins face-off versus William Karlsson in Predators zone.
8:54 of 2nd period - Snap shot by Morgan Barron.
8:54 of 2nd period - Stopped by Dustin Wolf without a rebound.
8:55 of 2nd period - Connor McDavid wins face-off versus Jack Hughes in Predators zone.
9:12 of 2nd period - Wrist shot by Joel Eriksson Ek.
9:12 of 2nd period - Shot Misses the Net.
9:56 of 2nd period - Alexandre Texier is hit by Sebastian Aho and loses puck.
10:35 of 2nd period - Snap shot by Morgan Barron.
10:35 of 2nd period - Goal by Morgan Barron - Predators : 3 - Rangers : 4.
10:36 of 2nd period - William Karlsson wins face-off versus Joel Eriksson Ek in neutral zone.
11:23 of 2nd period - Snap shot by Thomas Harley.
11:23 of 2nd period - Stopped by Dustin Wolf with a rebound.
11:29 of 2nd period - Filip Hronek is hit by Oskar Sundqvist and loses puck.
12:35 of 2nd period - Snap shot by Anton Lundell.
12:35 of 2nd period - Deflect By Alex Laferriere.
12:35 of 2nd period - Shot Blocked by Calvin de Haan.
12:35 of 2nd period - Puck is out of play.
12:36 of 2nd period - William Karlsson wins face-off versus Kasperi Kapanen in Predators zone.
12:43 of 2nd period - Wrist shot by Cole Caufield.
12:43 of 2nd period - Stopped by Karel Vejmelka with a rebound.
12:51 of 2nd period - Wrist shot by Alex Laferriere.
12:51 of 2nd period - Shot Blocked by Calvin de Haan.
12:53 of 2nd period - Snap shot by Alex Laferriere.
12:53 of 2nd period - Shot Misses the Net.
13:05 of 2nd period - Wrist shot by Cole Caufield.
13:05 of 2nd period - Stopped by Karel Vejmelka without a rebound.
13:06 of 2nd period - Joel Eriksson Ek wins face-off versus J.J. Peterka in Rangers zone.
13:13 of 2nd period - Wrist shot by Alex Killorn.
13:13 of 2nd period - Stopped by Dustin Wolf with a rebound.
13:19 of 2nd period - Wrist shot by Jack Hughes.
13:19 of 2nd period - Stopped by Dustin Wolf without a rebound.
13:20 of 2nd period - Joel Eriksson Ek wins face-off versus Connor McDavid in Predators zone.
13:53 of 2nd period - Wrist shot by Cole Caufield.
13:53 of 2nd period - Stopped by Karel Vejmelka with a rebound.
14:33 of 2nd period - Slapshot by Christian Dvorak.
14:33 of 2nd period - Stopped by Dustin Wolf without a rebound.
14:34 of 2nd period - Joel Eriksson Ek wins face-off versus William Karlsson in Predators zone.
14:39 of 2nd period - Snap shot by Jack Hughes.
14:39 of 2nd period - Stopped by Dustin Wolf without a rebound.
14:40 of 2nd period - Joel Eriksson Ek wins face-off versus William Karlsson in Predators zone.
15:15 of 2nd period - Snap shot by Bryan Rust.
15:15 of 2nd period - Stopped by Karel Vejmelka without a rebound.
15:16 of 2nd period - Sebastian Aho wins face-off versus Connor McDavid in Rangers zone.
15:18 of 2nd period - Minor Penalty to Martin Fehervary for Interference.
15:19 of 2nd period - Joel Eriksson Ek wins face-off versus Connor McDavid in Rangers zone.
15:57 of 2nd period - Seth Jones is hit by Connor McDavid and loses puck.
16:08 of 2nd period - Wrist shot by Sebastian Aho.
16:08 of 2nd period - Shot Blocked by Mario Ferraro.
16:10 of 2nd period - Slapshot by Seth Jones.
16:10 of 2nd period - Shot Misses the Net.
16:12 of 2nd period - Slapshot by Seth Jones.
16:12 of 2nd period - Shot Misses the Net.
17:18 of 2nd period - Penalty to Martin Fehervary is over, Martin Fehervary is back on ice.
17:29 of 2nd period - Kirill Marchenko is hit by Mario Ferraro and loses puck.
17:48 of 2nd period - Cole Caufield is hit by Kasperi Kapanen and loses puck.
17:55 of 2nd period - Wrist shot by Alex Laferriere.
17:55 of 2nd period - Shot Misses the Net.
18:01 of 2nd period - Martin Fehervary is hit by Dylan Samberg and loses puck.
18:14 of 2nd period - Alexandre Texier is hit by Martin Fehervary and loses puck.
18:31 of 2nd period - Morgan Barron is hit by Oskar Sundqvist and loses puck.
19:10 of 2nd period - Icing by Keegan Kolesar.
19:11 of 2nd period - William Karlsson wins face-off versus Joel Eriksson Ek in Predators zone.
19:21 of 2nd period - Icing by Martin Fehervary.
19:22 of 2nd period - J.J. Peterka wins face-off versus Anton Lundell in Rangers zone.
19:25 of 2nd period - Snap shot by J.J. Peterka.
19:25 of 2nd period - Stopped by Karel Vejmelka without a rebound.
19:26 of 2nd period - Anton Lundell wins face-off versus J.J. Peterka in Rangers zone.
19:33 of 2nd period - Snap shot by Kasperi Kapanen.
19:33 of 2nd period - Shot Misses the Net.
Goals for this period are 1 for Predators vs 2 for Rangers.
Shots for this period are 10 for Predators vs 16 for Rangers.

3rd period


0:01 of 3rd period - Connor McDavid wins face-off versus Sebastian Aho in neutral zone.
0:10 of 3rd period - Snap shot by Jake Guentzel.
0:10 of 3rd period - Stopped by Dustin Wolf without a rebound.
0:11 of 3rd period - Sebastian Aho wins face-off versus Connor McDavid in Predators zone.
0:20 of 3rd period - Wrist shot by Sebastian Aho.
0:20 of 3rd period - Stopped by Dustin Wolf without a rebound.
0:21 of 3rd period - Sebastian Aho wins face-off versus Connor McDavid in Predators zone.
0:22 of 3rd period - Snap shot by Jake Guentzel.
0:22 of 3rd period - Shot Misses the Net.
0:43 of 3rd period - Mario Ferraro is hit by Filip Hronek.
0:57 of 3rd period - Wrist shot by Zach Hyman.
0:57 of 3rd period - Shot Misses the Net.
0:59 of 3rd period - Wrist shot by Mario Ferraro.
0:59 of 3rd period - Shot Blocked by Filip Hronek.
1:01 of 3rd period - Snap shot by Zach Hyman.
1:01 of 3rd period - Stopped by Karel Vejmelka with a rebound.
1:03 of 3rd period - Backhand shot by Zach Hyman.
1:03 of 3rd period - Shot Blocked by Filip Hronek.
1:44 of 3rd period - Off-side.
1:45 of 3rd period - William Karlsson wins face-off versus Joel Eriksson Ek in neutral zone.
2:12 of 3rd period - Oskar Sundqvist is hit by Kasperi Kapanen.
3:07 of 3rd period - Slapshot by Jack Hughes.
3:07 of 3rd period - Shot Misses the Net.
3:09 of 3rd period - Slapshot by Seth Jones.
3:09 of 3rd period - Shot Blocked by Calvin de Haan.
3:29 of 3rd period - Slapshot by Jack Hughes.
3:29 of 3rd period - Shot Blocked by Calvin de Haan.
4:52 of 3rd period - Zachary Bolduc is hit by Keegan Kolesar and loses puck.
5:05 of 3rd period - Wrist shot by Filip Hronek.
5:05 of 3rd period - Shot Blocked by Justin Barron.
5:31 of 3rd period - Snap shot by Anton Lundell.
5:31 of 3rd period - Stopped by Dustin Wolf with a rebound.
5:45 of 3rd period - Paul Cotter is hit by Seth Jones and loses puck.
6:00 of 3rd period - William Karlsson is hit by Alex Killorn and loses puck.
7:21 of 3rd period - Icing by Mario Ferraro.
7:22 of 3rd period - Paul Cotter wins face-off versus Alex Laferriere in Predators zone.
8:18 of 3rd period - Icing by Nick Seeler.
8:19 of 3rd period - Joel Eriksson Ek wins face-off versus Bryan Rust in Rangers zone.
8:34 of 3rd period - Wrist shot by Kirill Marchenko.
8:34 of 3rd period - Deflect By Jake Guentzel.
8:34 of 3rd period - Shot Misses the Net.
8:34 of 3rd period - Puck is out of play.
8:35 of 3rd period - Joel Eriksson Ek wins face-off versus Connor McDavid in Predators zone.
8:39 of 3rd period - Minor Penalty to Nicolas Hague for Roughing.
8:40 of 3rd period - William Karlsson wins face-off versus Sebastian Aho in Predators zone.
8:40 of 3rd period - William Karlsson is hit by Thomas Harley.
8:53 of 3rd period - Snap shot by Thomas Harley.
8:53 of 3rd period - Stopped by Dustin Wolf with a rebound.
8:55 of 3rd period - Snap shot by Jack Hughes.
8:55 of 3rd period - Stopped by Dustin Wolf without a rebound.
8:56 of 3rd period - William Karlsson wins face-off versus Joel Eriksson Ek in Predators zone.
9:13 of 3rd period - Wrist shot by Kirill Marchenko.
9:13 of 3rd period - Shot Misses the Net.
9:23 of 3rd period - William Karlsson is hit by Sebastian Aho and loses puck.
9:32 of 3rd period - Wrist shot by Jake Guentzel.
9:32 of 3rd period - Stopped by Dustin Wolf with a rebound.
9:34 of 3rd period - Snap shot by Jack Hughes.
9:34 of 3rd period - Shot Misses the Net.
10:39 of 3rd period - Penalty to Nicolas Hague is over, Nicolas Hague is back on ice.
10:43 of 3rd period - Slapshot by Cody Ceci.
10:43 of 3rd period - Shot Blocked by Thomas Harley.
10:54 of 3rd period - Calvin de Haan is hit by Alex Laferriere.
11:02 of 3rd period - Snap shot by Nicolas Hague.
11:02 of 3rd period - Stopped by Karel Vejmelka without a rebound.
11:03 of 3rd period - Christian Dvorak wins face-off versus Oskar Sundqvist in Rangers zone.
11:14 of 3rd period - Backhand shot by Christian Dvorak.
11:14 of 3rd period - Stopped by Dustin Wolf with a rebound.
11:28 of 3rd period - Dylan Samberg is hit by Anton Lundell and loses puck.
11:33 of 3rd period - Slapshot by Anton Lundell.
11:33 of 3rd period - Stopped by Dustin Wolf without a rebound.
11:34 of 3rd period - Jack Hughes wins face-off versus William Karlsson in Predators zone.
11:39 of 3rd period - Snap shot by Jack Hughes.
11:39 of 3rd period - Stopped by Dustin Wolf without a rebound.
11:40 of 3rd period - William Karlsson wins face-off versus Joel Eriksson Ek in Predators zone.
11:54 of 3rd period - Wrist shot by Jack Hughes.
11:54 of 3rd period - Shot Misses the Net.
11:56 of 3rd period - Slapshot by Nick Seeler.
11:56 of 3rd period - Shot Blocked by William Karlsson.
12:30 of 3rd period - Slapshot by Mason Lohrei.
12:30 of 3rd period - Shot Blocked by Dylan Samberg.
12:35 of 3rd period - Off-side.
12:36 of 3rd period - Connor McDavid wins face-off versus Kirill Marchenko in neutral zone.
12:53 of 3rd period - Slapshot by Sebastian Aho.
12:53 of 3rd period - Stopped by Dustin Wolf with a rebound.
13:02 of 3rd period - Icing by Jake Guentzel.
13:03 of 3rd period - Joel Eriksson Ek wins face-off versus William Karlsson in Rangers zone.
14:23 of 3rd period - Wrist shot by Alex Killorn.
14:23 of 3rd period - Stopped by Dustin Wolf with a rebound.
14:25 of 3rd period - Wrist shot by Alex Killorn.
14:25 of 3rd period - Shot Misses the Net.
14:27 of 3rd period - Snap shot by Jack Hughes.
14:27 of 3rd period - Shot Misses the Net.
14:43 of 3rd period - Slapshot by Cole Caufield.
14:43 of 3rd period - Shot Misses the Net.
15:44 of 3rd period - Wrist shot by Joel Eriksson Ek.
15:44 of 3rd period - Shot Blocked by William Karlsson.
15:46 of 3rd period - Snap shot by Mason Lohrei.
15:46 of 3rd period - Shot Misses the Net.
15:48 of 3rd period - Wrist shot by Jack Hughes.
15:48 of 3rd period - Stopped by Dustin Wolf without a rebound.
15:49 of 3rd period - Anton Lundell wins face-off versus Oskar Sundqvist in Predators zone.
15:52 of 3rd period - Snap shot by Alex Laferriere.
15:52 of 3rd period - Stopped by Dustin Wolf without a rebound.
15:53 of 3rd period - Anton Lundell wins face-off versus Oskar Sundqvist in Predators zone.
16:02 of 3rd period - Snap shot by Anton Lundell.
16:02 of 3rd period - Stopped by Dustin Wolf without a rebound.
16:03 of 3rd period - Anton Lundell wins face-off versus Oskar Sundqvist in Predators zone.
16:04 of 3rd period - Slapshot by Kasperi Kapanen.
16:04 of 3rd period - Stopped by Dustin Wolf with a rebound.
16:06 of 3rd period - Wrist shot by Anton Lundell.
16:06 of 3rd period - Shot Blocked by Nicolas Hague.
16:08 of 3rd period - Snap shot by Kasperi Kapanen.
16:08 of 3rd period - Shot Blocked by Nicolas Hague.
16:10 of 3rd period - Wrist shot by Alex Laferriere.
16:10 of 3rd period - Shot Misses the Net.
16:12 of 3rd period - Snap shot by Anton Lundell.
16:12 of 3rd period - Stopped by Dustin Wolf with a rebound.
16:14 of 3rd period - Snap shot by Anton Lundell.
16:14 of 3rd period - Deflect By Oskar Sundqvist.
16:14 of 3rd period - Shot Misses the Net.
16:14 of 3rd period - Puck is out of play.
16:15 of 3rd period - Anton Lundell wins face-off versus Oskar Sundqvist in Predators zone.
16:24 of 3rd period - Snap shot by Anton Lundell.
16:24 of 3rd period - Stopped by Dustin Wolf with a rebound.
16:31 of 3rd period - Minor Penalty to Martin Fehervary for Hooking.
16:32 of 3rd period - Joel Eriksson Ek wins face-off versus Connor McDavid in Rangers zone.
17:35 of 3rd period - Seth Jones is hit by William Karlsson and loses puck.
18:14 of 3rd period - Mario Ferraro is hit by Alex Laferriere and loses puck.
18:31 of 3rd period - Penalty to Martin Fehervary is over, Martin Fehervary is back on ice.
18:35 of 3rd period - Slapshot by Joel Eriksson Ek.
18:35 of 3rd period - Shot Misses the Net.
18:45 of 3rd period - Predators, Dustin Wolf is pulled from the net.
19:03 of 3rd period - Snap shot by Connor McDavid.
19:03 of 3rd period - Shot Misses the Net.
19:05 of 3rd period - Slapshot by Connor McDavid.
19:05 of 3rd period - Shot Misses the Net.
19:07 of 3rd period - Wrist shot by Erik Gustafsson.
19:07 of 3rd period - Shot Misses the Net.
19:09 of 3rd period - Snap shot by Connor McDavid.
19:09 of 3rd period - Shot Misses the Net.
19:28 of 3rd period - Slapshot by Bryan Rust.
19:28 of 3rd period - Stopped by Karel Vejmelka without a rebound.
19:29 of 3rd period - Jared Bednar call a timeout for Predators.
19:29 of 3rd period - Connor McDavid wins face-off versus Anton Lundell in Rangers zone.
19:40 of 3rd period - Snap shot by Cole Caufield.
19:40 of 3rd period - Stopped by Karel Vejmelka with a rebound.
19:44 of 3rd period - Wrist shot by Cole Caufield.
19:44 of 3rd period - Stopped by Karel Vejmelka with a rebound.
19:46 of 3rd period - Wrist shot by Cole Caufield.
19:46 of 3rd period - Stopped by Karel Vejmelka without a rebound.
19:47 of 3rd period - Connor McDavid wins face-off versus Anton Lundell in Rangers zone.
Goals for this period are 0 for Predators vs 0 for Rangers.
Shots for this period are 6 for Predators vs 17 for Rangers.